 Dungeon Crawl Stone Soup version 0.25.0-3-gd7cc5688da (webtiles) character file.

Game seed: 2302198196608018329

639 Esekla the Slasher (level 7, -1/55 HPs)
             Began as a Deep Dwarf Chaos Knight on June 15, 2020.
             Was a Follower of Elyvilon.
             Splashed by an orc's acid (9 damage)
             ... on level 4 of the Dungeon.
             The game lasted 00:33:50 (3147 turns).

Esekla the Slasher (Deep Dwarf Chaos Knight)        Turns: 3147, Time: 00:33:51

Health: -1/55      AC: 10    Str: 16    XL:     7   Next: 25%
Magic:  10/10      EV: 13    Int: 12    God:    Elyvilon [*.....]
Gold:   251        SH:  0    Dex: 14    Spells: 11/11 levels left

rFire    . . .     SeeInvis .   j - +0 short sword
rCold    . . .     Gourm    .   (no shield)
rNeg     . . .     Faith    .   b - +2 leather armour
rPois    .         Spirit   .   s - +0 helmet
rElec    .         Reflect  .   w - +0 cloak
rCorr    .         Harm     .   v - +2 pair of gloves
MR       +....                  (no boots)
Stlth    ++........             (no amulet)
HPRegen  0.00/turn              (no ring)
MPRegen  0.12/turn              (no ring)

@: non-regenerating
A: damage resistance, heal wounds, frail 1, sense surroundings 1, evolution 1,
no regeneration
a: Heal Wounds, Lesser Healing, Divine Protection, Renounce Religion


You were on level 4 of the Dungeon.
You worshipped Elyvilon.
Elyvilon was aware of your devotion.
You were very hungry.

You visited 1 branch of the dungeon, and saw 5 of its levels.

You collected 251 gold pieces.

Inventory:

Hand Weapons
 j - a +0 short sword (weapon)
Armour
 b - a +2 leather armour (worn)
 s - a +0 helmet (worn)
 v - a +2 pair of gloves (worn)
 w - a +0 cloak (worn)
Wands
 a - a wand of iceblast (8)
 h - a wand of disintegration (17)
 o - a wand of polymorph (6)
 p - a wand of clouds (3)
 q - a wand of random effects (14)
Scrolls
 d - a scroll of remove curse {unknown}
 f - a scroll of enchant armour {unknown}
 k - 2 scrolls of amnesia {unknown}
 n - 2 scrolls of enchant weapon {unknown}
 r - 2 scrolls of immolation {unknown}
 x - a scroll of fear {unknown}
Potions
 e - a potion of heal wounds {unknown}
 g - a potion of might {unknown}
 i - a potion of mutation
 l - a potion of haste
 m - a potion of stabbing
 t - a potion of invisibility
 u - a potion of curing {unknown}
Comestibles
 c - 7 rations
 z - 2 chunks of flesh


   Skills:
 + Level 3.4 Fighting
 + Level 2.4(3.8) Short Blades
   Level 5.0(5.4) Long Blades
 + Level 2.9 Armour
 * Level 3.8 Dodging
 + Level 1.6 Stealth
 * Level 2.6 Spellcasting
 + Level 0.3 Invocations


You had 11 spell levels left.
You didn't know any spells.
Your spell library was empty.

Dungeon Overview and Level Annotations

Branches:
Dungeon (5/15)
 Temple: D:4-7

Altars:
Cheibriados
Elyvilon
Hepliaklqana
Kikubaaqudgha
Makhleb
Okawaru
Ru
Xom

Annotations:
D:3 Sigmund
D:4 1 runed translucent door, Crazy Yiuf


Innate Abilities, Weirdness & Mutations

You are resistant to damage.
You can heal yourself by infusing magical energy.
You passively map a small area around you.
You do not regenerate.
You are frail. (-10% HP)
You evolve.


Message History

You barely miss the orc wizard.
The orc wizard is heavily wounded.
The orc misses you.
The orc wizard hits you with a +0 dagger.
You closely miss the orc wizard.
The orc wizard is heavily wounded.
The orc hits you but does no damage.
You hit the orc but do no damage. The orc wizard closely misses you.
The orc hits you but does no damage.
Press: ? - help, v - describe, . - travel, g - get item
Here: an orc, wearing a +0 scale mail and carrying a wand of acid (3)
A +0 club.
The floor, spattered with blood.
You hit the orc but do no damage. The orc wizard completely misses you.
The orc barely misses you.
You hit the orc but do no damage. The orc wizard misses you.
The orc zaps a wand.
The bolt of acid hits you!
* * * LOW HITPOINT WARNING * * *
You are splashed with acid!
You die...

...........#.....................
...##......#......##.............
#..#..............##.............
##..##....##...≈.................
.#.####..####......#...#####.....
....###..# ##..##...### ###.#..#
.._......# ##......#####.#...[#
.........######.o)...............
.........##.....@................
.......#.........o...............
.....###)..........#.............
.....###...........#.............
...._.#...........#..............
..................####......#....
.._..........###### ###....###..
.............# #....# ##.
...####......# ##### #...## ##


You could see an orc wizard and an orc.

Vanquished Creatures
  Menkaure (D:5)
  A sky beast (D:4)
  A phantom (D:4)
  A centaur skeleton (D:5)
  A hound (D:4)
  An orc wizard (D:4)
  An iguana (D:4)
  2 worker ants
  A gnoll (D:1)
  6 adders
  A howler monkey skeleton (D:5)
  3 oozes
  2 dart slugs (D:1)
  3 leopard geckos
  6 orcs
  9 bats
  2 giant cockroaches
  9 goblins
  7 hobgoblins
  7 jackals
  8 kobolds
  2 quokkas (D:5)
  2 ball pythons (D:2)
  4 frilled lizards
  6 rats
87 creatures vanquished.

Notes
Turn   | Place    | Note
-------+----------+-------------------------------------------
     0 | D:1      | Esekla the Deep Dwarf Chaos Knight began the quest for the
                  | Orb.
     0 | D:1      | Reached XP level 1. HP: 20/20 MP: 1/1
   113 | D:1      | Reached XP level 2. HP: 27/27 MP: 2/2
   301 | D:2      | XOM: noise
   314 | D:2      | XOM: 1-stop teleportation journey
   338 | D:2      | Reached XP level 3. HP: 23/33 MP: 3/3
   440 | D:2      | XOM: blink monster(s)
   442 | D:2      | Reached skill level 4 in Long Blades
   466 | D:2      | Found an iron altar of Okawaru.
   554 | D:2      | Reached skill level 1 in Spellcasting
   554 | D:2      | Reached XP level 4. HP: 18/40 MP: 5/5
   727 | D:3      | XOM: summons 3 hostile demons
   729 | D:3      | HP: 2/40 [crimson imp[Xom] (1)]
   799 | D:4      | XOM: stat loss: -1 Dex (12/13)
   802 | D:4      | XOM: fog
   813 | D:4      | XOM: scenery: create altars
   824 | D:4      | Noticed a phantom
   841 | D:4      | XOM: fog
   842 | D:5      | Entered Level 5 of the Dungeon
   842 | D:5      | Noticed Menkaure
   843 | D:5      | XOM: fog
   869 | D:4      | XOM: cleaving
   870 | D:4      | XOM: polymorph frilled lizard -> kobold
   872 | D:5      | Found a hazy altar of Hepliaklqana.
   884 | D:4      | XOM: scenery: create altars
   887 | D:4      | XOM: enchant monster (good)
   890 | D:4      | XOM: scenery: create altars
   904 | D:4      | XOM: cleaving
   934 | D:4      | Killed a phantom
   934 | D:4      | Reached skill level 1 in Stealth
   934 | D:4      | Reached XP level 5. HP: 38/49 MP: 7/7
   956 | D:4      | Reached skill level 5 in Long Blades
   978 | D:4      | Found a sacrificial altar of Ru.
  1039 | D:4      | Found a white marble altar of Elyvilon.
  1047 | D:4      | Fell from the grace of Xom
  1047 | D:4      | Became a worshipper of Elyvilon the Healer
  1105 | D:5      | Reached XP level 6. HP: 31/56 MP: 8/8
  1121 | D:5      | Found a snail-covered altar of Cheibriados.
  1634 | D:3      | Noticed Sigmund
  1684 | D:4      | XOM: draining
  1828 | D:4      | Found a burning altar of Makhleb.
  1828 | D:4      | Found a white marble altar of Elyvilon.
  1965 | D:4      | Found a runed translucent door.
  1966 | D:4      | Noticed Crazy Yiuf
  2038 | D:3      | XOM: 2-stop teleportation journey
  2124 | D:1      | Reached * piety under Elyvilon
  2251 | D:1      | Reached skill level 1 in Short Blades
  2253 | D:1      | XOM: give mutations
  2253 | D:1      | Gained mutation: Your magical capacity is low. (-10% MP)
                  | [Xom's mischief]
  2253 | D:1      | Gained mutation: Armour fits poorly on your strangely
                  | shaped body. [Xom's mischief]
  2616 | D:3      | XOM: give mutations
  2616 | D:3      | Gained mutation: You are agile. (Dex +2) [Xom's mischief]
  2616 | D:3      | Gained mutation: You are frail. (-10% HP) [Xom's mischief]
  2628 | D:4      | Lost mutation: Your magical capacity is low. (-10% MP)
                  | [potion of mutation]
  2628 | D:4      | Lost mutation: You are agile. (Dex +2) [potion of mutation]
  2628 | D:4      | Lost mutation: You are frail. (-10% HP) [potion of
                  | mutation]
  2628 | D:4      | Lost mutation: Armour fits poorly on your strangely shaped
                  | body. [potion of mutation]
  2628 | D:4      | Gained mutation: You are frail. (-10% HP) [potion of
                  | mutation]
  2628 | D:4      | Gained mutation: You evolve. [potion of mutation]
  2695 | D:5      | Found an ancient bone altar of Kikubaaqudgha.
  2861 | D:5      | Killed Menkaure
  2861 | D:5      | Reached XP level 7. HP: 17/55 MP: 6/10
  3147 | D:4      | Splashed by an orc's acid

Illustrated notes

Levels and vault maps discovered:
D:1:      dpeg_arrival_chambers_temple_mockup, layout_rooms
D:2:      layout_basic, okawaru_metal_pillars_1_2
D:3:      layout_loops_ring, old_standard_altar, uniq_sigmund
D:4:      layout_cave_pools, lemuel_crystal_altar,
          chequers_temple_overflow_statue_of_worship, first_ration,
          elyvilon_altar_4, uniq_crazy_yiuf_cottage
D:5:      layout_basic, lightli_temple_of_fire, nicolae_overflow_crystal_walls,
          marbit_many_paths, lemuel_round_altar, led_sif_book, serial_shops,
          nicolae_shop_behind_doors, grunt_decor_mini_mirrors, uniq_menkaure

Skill      XL: |  1  2  3  4  5  6  7 |
---------------+----------------------+-----
Long Blades    | 4 5 |  5.0
Spellcasting   | 1 2 |  2.6
Fighting       | 3 |  3.4
Dodging        | 2 3 |  3.8
Stealth        | 1 |  1.6
Short Blades   | 1 2 |  2.4
Armour         | |  2.9
Invocations    | |  0.3

Action                   |  1- 3 |  4- 6 |  7- 9 || total
-------------------------+-------+-------+-------++-------
Melee: Falchion          |    96 |    99 |       ||   195
       Short sword       |       |   260 |    60 ||   320
Invok: Lesser Healing    |       |     4 |     5 ||     9
 Abil: Heal Wounds       |       |     4 |       ||     4
  Use: Scroll            |       |     4 |       ||     4
       Potion            |       |     2 |       ||     2
 Stab: Petrified         |     2 |       |       ||     2
       Confused          |     1 |       |       ||     1
       Paralysed         |       |     5 |       ||     5
       Sleeping          |       |     1 |       ||     1
  Eat: Chunk             |       |     3 |     2 ||     5
       Ration            |       |     1 |       ||     1
Armor: Leather armour    |    27 |   100 |    25 ||   152
Dodge: Dodged            |    75 |   205 |    41 ||   321
       Rpst.: Falchion   |    16 |    25 |       ||    41
